 Dungeon Crawl Stone Soup version 0.23.2-1-ga50397a (webtiles) character file.

Game seed: 5321570040143020937

136516 IBeShadow the Severer (level 16, -15/157 HPs)
             Began as a Minotaur Berserker on May 12, 2019.
             Was a High Priest of Trog.
             Demolished by an alligator (19 damage)
             ... on level 3 of the Swamp.
             The game lasted 01:27:49 (34673 turns).

IBeShadow the Severer (Minotaur Berserker)         Turns: 34673, Time: 01:27:50

Health: -15/157    AC: 23    Str: 33    XL:     16   Next: 66%
Magic:  24/24      EV: 13    Int:  4    God:    Trog [*****.]
Gold:   2468       SH:  0    Dex: 12    Spells: 15/15 levels left

rFire    . . .     SeeInvis .   s - +6 executioner's axe (drain)
rCold    + + .     Gourm    .   (shield currently unavailable)
rNeg     . . .     Faith    +   G - +1 plate armour {rC+}
rPois    .         Spirit   .   N - +1 hat
rElec    .         Reflect  .   V - scarf {cloud immunity}
rCorr    .         Harm     .   w - +2 pair of gloves
MR       +....                  D - +2 pair of boots {Fly}
Stlth    ..........             X - amulet of faith
HPRegen  0.36/turn              f - ring of protection from cold
MPRegen  0.19/turn              H - +6 ring of strength

@: berserk cooldown, flying, very slightly contaminated, slowed, very slow
A: retaliatory headbutt, horns 2
a: Berserk, Trog's Hand, Brothers in Arms, Renounce Religion, Stop Flying


You were on level 3 of the Swamp.
You worshipped Trog.
Trog was extremely pleased with you.
You were hungry.

You visited 5 branches of the dungeon, and saw 27 of its levels.
You also visited: Ice Cave.

You collected 2468 gold pieces.

Inventory:

Hand Weapons
 n - a +3 longbow of flaming
 r - the +9 staff of Olgreb {rPois}
   (You found it on level 6 of the Dungeon)

   It protects you from poison.
 s - a +6 executioner's axe of draining (weapon)
 L - a +4 longbow of freezing
Missiles
 B - 379 arrows
Armour
 w - a +2 pair of gloves (worn)
 D - a +2 pair of boots of flying (worn)
 G - a +1 plate armour of cold resistance (worn)
 N - a +1 hat (worn)
 Q - a scarf of repulsion
 V - a scarf of cloud immunity (worn)
Jewellery
 f - a ring of protection from cold (left hand)
 H - a +6 ring of strength (right hand)
 J - an uncursed ring of protection from magic
 X - an amulet of faith (around neck)
Wands
 d - a wand of polymorph (10)
 o - a wand of flame (32)
 E - a wand of enslavement (5)
 I - a wand of disintegration (1)
 P - a wand of paralysis (15)
 T - a wand of acid (10)
 U - a wand of digging (5)
 Z - a wand of clouds (10)
Scrolls
 a - 2 scrolls of fear
 e - 2 scrolls of identify
 g - 7 scrolls of enchant armour
 l - 13 scrolls of remove curse
 m - 9 scrolls of teleportation
 u - 6 scrolls of magic mapping
 x - a scroll of blinking
 A - 6 scrolls of immolation
 K - 5 scrolls of enchant weapon
 M - a scroll of summoning
 R - a scroll of vulnerability
 S - a scroll of brand weapon
 W - a scroll of fog
Potions
 b - 6 potions of haste
 h - 8 potions of curing
 i - 4 potions of heal wounds
 j - a potion of resistance {unknown}
 q - a potion of invisibility
 t - a potion of cancellation
 z - 5 potions of might
 C - 3 potions of agility
Miscellaneous
 v - a box of beasts
 F - a fan of gales
 O - a lightning rod (4/4)
Comestibles
 c - 49 rations
 k - 4 chunks of flesh


   Skills:
 + Level 17.9 Fighting
 + Level 18.0 Axes
 + Level 13.0 Bows
 + Level 10.0 Armour
 + Level 9.3 Dodging
 + Level 12.2 Evocations


You had 15 spell levels left.
You didn't know any spells.
Your spell library was empty.

Dungeon Overview and Level Annotations

Branches:
Dungeon (15/15)            Temple (1/1) D:4            Lair (6/6) D:11
  Swamp (3/4) Lair:4       Spider (0/4) Lair:2        Slime (0/5) Lair:6
    Orc (2/2) D:11            Elf (0/3) Orc:2        Vaults (0/5) D:13
 Depths (0/5) D:15

Altars:
Ashenzari
Cheibriados
Dithmenos
Elyvilon
Fedhas
Gozag
Hepliaklqana
Kikubaaqudgha
Makhleb
Nemelex Xobeh
Okawaru
Qazlal
Ru
Sif Muna
Trog
Uskayaw
Vehumet
Wu Jian
Xom
Yredelemnul
Zin
The Shining One
Beogh

Shops:
D:6 =[   D:15 }   Orc:2 (?*[

Portals:
Trove: D:10 (give 2 scrolls of acquirement)

Annotations:
D:11 3 runed translucent doors
Swamp:3 1 transporter


Innate Abilities, Weirdness & Mutations

You reflexively headbutt those who attack you in melee.
You have a pair of horns on your head.


Message History

* * * LOW HITPOINT WARNING * * *
You feel extremely sick. The alligator bites you!
* * * LOW HITPOINT WARNING * * *
The alligator tail-slaps you.
* * * LOW HITPOINT WARNING * * *
The alligator bites you!
* * * LOW HITPOINT WARNING * * *
The alligator tail-slaps you but does no damage.
Blink to where?
Press: ? - help, Dir - move target cursor You are very lightly contaminated with residual magic.
As you read the scroll of blinking, it crumbles to dust.
* * * LOW HITPOINT WARNING * * *
You feel extremely sick.
Unknown command.
You feel better. The alligator bites you.
* * * LOW HITPOINT WARNING * * *
The alligator barely misses you. The alligator bites you!!
You die...

≈≈≈.≈≈♣.≈≈...≈≈♣≈≈≈≈≈≈.♣
≈≈≈<≈≈≈.≈.≈≈≈≈.≈≈≈≈♣≈..≈
≈≈≈≈≈.≈≈≈.≈♣≈♣.≈≈≈♣≈≈§≈♣
.≈≈.≈≈♣....≈≈≈...≈≈≈≈≈≈≈♣
.♣♣.≈..........♣...≈≈≈♣≈♣
≈≈≈..........♣♣♣♣♣.≈≈≈≈.♣
.♣≈..§.♣.≈...♣ ♣♣♣≈≈≈≈≈≈.
§≈≈..§..§≈...♣♣♣$.....≈≈.♣
≈♣§...≈≈≈≈.....t@§≈♣♣≈≈♣.≈
≈≈≈≈.♣♣≈≈≈♣.≈≈≈.§≈≈≈♣♣≈
♣..≈≈..≈.≈≈.≈≈≈≈≈≈≈♣♣
####.≈.≈≈.≈...≈≈≈..♣ #
#.≈≈≈..§≈.♣.≈≈..♣ #
#.≈≈..^≈♣.♣♣.≈.≈. =
#≈≈≈.≈§≈.♣♣♣♣.♣.♣♣
≈≈.≈≈.♣♣ ♣.≈.♣ #≈≈≈≈♣ ≈.


You could see an alligator.

Vanquished Creatures
  Gastronok (Lair:3)
  Kirke (Lair:4)
  Aizul (Swamp:3)
  A frost giant (IceCv)
  An ironheart preserver (D:13)
  Nessos (D:13)
  Azrael (Orc:2)
  The ghost of WaifuGate the Severer, a journeyman GrBe of Trog (Lair:4)
  Snorg (D:12)
  A fire dragon (Lair:6)
  2 shambling mangroves (Swamp:2)
  A death knight (D:11)
  17 hydras
  6 two-headed ogres
  A catoblepas (D:14)
  2 ogre magi
  4 alligators
  3 tengu warriors
  5 death yaks
  6 orc high priests
  Sonja (Lair:5)
  Urug (D:13)
  A fire crab (Lair:6)
  3 unseen horrors
  3 skeletal warriors (D:13)
  A swamp dragon (Swamp:1)
  3 orc knights
  A deep elf mage (D:15)
  A wolf spider (shapeshifter) (D:14)
  An oklob plant (Lair:2)
  2 orc sorcerers
  16 ugly things
  2 cyclopes
  2 moths of wrath (Swamp:1)
  3 manticores
  11 elephants
  An ice statue (IceCv)
  10 black mambas
  11 spiny frogs
  4 torpor snails
  3 molten gargoyles (Lair:6)
  A gargoyle (D:13)
  A kobold demonologist (D:12)
  5 yaktaurs (D:14)
  9 rime drakes
  7 komodo dragons
  An efreet (D:15)
  2 freezing wraiths
  A tengu conjurer (D:14)
  5 trolls
  14 polar bears (IceCv)
  A queen bee (Orc:1)
  18 tyrant leeches
  Grinder (D:4)
  6 hornets
  4 slime creatures (D:12)
  11 dream sheep (Lair:6)
  8 blink frogs
  10 hippogriffs
  2 meliai zombies
  3 spriggans
  3 shadows
  A centaur simulacrum (D:14)
  Sigmund (D:2)
  A fire elemental (Orc:2)
  8 wyverns
  53 yaks
  A water elemental (D:14)
  4 vampires
  6 hogs (Lair:4)
  Grum (D:8)
  A steam dragon (D:12)
  9 basilisks
  3 hungry ghosts
  5 soldier ants
  9 swamp worms
  3 insubstantial wisps (Swamp:2)
  9 vampire mosquitoes
  3 wargs
  3 acid dragons
  6 hell hounds
  8 porcupines
  10 water moccasins
  4 swamp drakes
  4 sky beasts
  41 orc warriors
  2 eyes of draining
  An ice beast (D:7)
  The ghost of Zing the Skirmisher, an amateur MiAK of Ru (D:3)
  A black bear (D:7)
  A black bear (shapeshifter) (D:13)
  A phantom (D:12)
  3 necrophages
  15 ogres
  32 wolves
  7 centaurs
  13 crocodiles
  4 big kobolds
  11 bullfrogs
  2 scorpions
  A wyvern skeleton (D:13)
  19 killer bees
  A wight (D:11)
  4 howler monkeys
  9 crimson imps
  5 lava snakes (Lair:6)
  6 centaur skeletons
  4 jellies
  26 orc priests
  3 centaur zombies
  5 hounds
  2 bullfrog skeletons
  Ijyb (D:4)
  Jessica (D:2)
  2 iguanas
  20 orc wizards
  2 hell rats (Lair:2)
  17 worker ants
  A howler monkey zombie (D:5)
  3 worker ant zombies
  14 gnolls
  20 adders
  9 river rats (Lair:2)
  5 shadow imps
  12 white imps (Lair:4)
  2 adder zombies
  2 adder skeletons
  3 worms (D:3)
  2 leopard geckos
  114 orcs
  7 giant cockroaches
  7 goblins
  12 hobgoblins
  12 jackals
  6 quokkas
  A ball python (D:2)
  4 bats
  3 frilled lizards
  A giant cockroach zombie (D:5)
  27 kobolds
  A leopard gecko skeleton (D:5)
  A quokka zombie (D:5)
  8 rats
  3 bushes (D:4)
  5 fungi
  5 plants
957 creatures vanquished.

Vanquished Creatures (collateral kills)
  An ettin (D:15)
  A centaur warrior (D:15)
  A two-headed ogre (Orc:1)
  A death knight (D:15)
  An orc high priest (Orc:2)
  3 orc knights (Orc:2)
  A phantasmal warrior (D:15)
  4 elephants (Lair:6)
  A spiny frog (Lair:6)
  A troll (D:15)
  A dream sheep (Lair:6)
  A hippogriff (D:15)
  A redback (shapeshifter) (D:15)
  2 wraiths (D:15)
  A vampire mosquito (D:15)
  A warg (Orc:1)
  12 orc warriors
  2 bullfrogs (D:15)
  15 killer bees (Orc:1)
  A quasit (D:15)
  3 orc priests (Orc:2)
  2 orc wizards (Orc:1)
  12 orcs
69 creatures vanquished.

Vanquished Creatures (others)
  A polar bear (IceCv)
  A yak (IceCv)
  A hell hound (Lair:6)
  An orc priest (D:15)
  A bush (D:4)
  6 fungi
  4 plants (Swamp:1)
15 creatures vanquished.

Grand Total: 1041 creatures vanquished

Notes
Turn   | Place    | Note
-------+----------+-------------------------------------------
     0 | D:1      | IBeShadow the Minotaur Berserker began the quest for the
                  | Orb.
     0 | D:1      | Reached XP level 1. HP: 19/19 MP: 0/0
   476 | D:1      | Reached skill level 4 in Axes
   511 | D:1      | Reached XP level 2. HP: 27/27 MP: 1/1
  1075 | D:2      | Reached ** piety under Trog
  1306 | D:2      | Reached XP level 3. HP: 34/34 MP: 2/2
  1555 | D:2      | Found a glowing silver altar of Zin.
  1555 | D:2      | Found a hide-covered altar of Uskayaw.
  1587 | D:2      | Noticed Sigmund
  1592 | D:2      | Killed Sigmund
  1592 | D:2      | Reached skill level 5 in Fighting
  1592 | D:2      | Reached skill level 5 in Axes
  1592 | D:2      | Reached XP level 4. HP: 44/44 MP: 3/3
  1592 | D:2      | Reached XP level 5. HP: 50/50 MP: 4/4
  1691 | D:2      | Noticed Jessica
  1703 | D:2      | Killed Jessica
  1703 | D:2      | Reached skill level 6 in Axes
  2073 | D:2      | Reached XP level 6. HP: 52/57 MP: 5/5
  2495 | D:3      | Found a runed translucent door.
  2496 | D:3      | Noticed Zing's ghost (amateur MiAK)
  2589 | D:3      | Killed Zing's ghost
  2735 | D:3      | Reached skill level 7 in Axes
  2892 | D:4      | Noticed Grinder
  2898 | D:4      | Reached *** piety under Trog
  2902 | D:4      | Reached XP level 7. HP: 66/66 MP: 6/6
  2906 | D:4      | Paralysed by Grinder for 2 turns
  2911 | D:4      | Killed Grinder
  2913 | D:4      | Reached skill level 8 in Axes
  3044 | D:4      | Noticed Ijyb
  3052 | D:4      | Killed Ijyb
  3508 | D:4      | Found a staircase to the Ecumenical Temple.
  3512 | D:4      | Reached XP level 8. HP: 62/75 MP: 7/7
  3524 | Temple   | Entered the Ecumenical Temple
  3789 | D:5      | Entered Level 5 of the Dungeon
  3842 | D:5      | Reached **** piety under Trog
  3842 | D:5      | Received a gift from Trog
  3842 | D:5      | Reached skill level 9 in Axes
  5053 | D:6      | Reached skill level 10 in Fighting
  5053 | D:6      | Reached skill level 10 in Axes
  5302 | D:6      | Found a runed translucent door.
  5306 | D:6      | Found a runed translucent gate.
  5308 | D:6      | Found a runed translucent gate.
  5316 | D:6      | Found a runed translucent gate.
  5325 | D:6      | Found a runed translucent door.
  5336 | D:6      | Found the +9 staff of Olgreb {rPois}
  5391 | D:6      | Reached XP level 9. HP: 83/86 MP: 8/8
  5474 | D:6      | Found Sunedgh's Jewellery Emporium.
  5869 | D:6      | Found Gaenosh's Antique Armour Emporium.
  6120 | D:7      | Reached ***** piety under Trog
  6120 | D:7      | Reached skill level 1 in Evocations
  6291 | D:7      | Reached skill level 11 in Axes
  6296 | D:7      | Received a gift from Trog
  6822 | D:8      | Found a glowing silver altar of Zin.
  7155 | D:8      | Noticed Grum
  7167 | D:8      | Killed Grum
  7167 | D:8      | Reached XP level 10. HP: 62/96 MP: 11/11
  7214 | D:8      | Reached skill level 12 in Axes
  7751 | D:8      | Found a hazy altar of Hepliaklqana.
  7752 | D:8      | Found a white marble altar of Elyvilon.
  8905 | D:10     | Entered Level 10 of the Dungeon
  9250 | D:10     | Found a portal to a secret trove of treasure.
  9303 | D:10     | Received a gift from Trog
  9664 | D:11     | Found a runed translucent door.
  9664 | D:11     | Noticed a tengu reaver
  9665 | D:11     | Noticed a fire giant
  9665 | D:11     | Noticed a deep troll earth mage
  9678 | D:11     | Noticed a seven-headed hydra
  9680 | D:11     | Reached skill level 5 in Evocations
  9691 | D:11     | Killed a seven-headed hydra
  9805 | D:11     | Noticed a two-headed ogre
  9812 | D:11     | Identified the +2 scale mail of Tender Moments {rElec rF+
                  | rC+}
  9812 | D:11     | Noticed a tengu warrior
  9815 | D:11     | Killed a two-headed ogre
  9815 | D:11     | Reached skill level 13 in Axes
  9826 | D:11     | Killed a tengu warrior
  9826 | D:11     | Reached XP level 11. HP: 77/106 MP: 14/14
  9847 | D:11     | Noticed a death knight
  9851 | D:11     | Found a roughly hewn altar of Beogh.
 10169 | D:11     | Found a staircase to the Orcish Mines.
 10219 | D:11     | Noticed a two-headed ogre
 10220 | D:11     | Found a runed translucent door.
 10220 | D:11     | Found a runed translucent door.
 10220 | D:11     | Noticed a shining eye
 10379 | D:11     | Killed a death knight
 10498 | D:11     | Reached skill level 1 in Bows
 10910 | D:11     | Got a wizard robe
 10921 | D:11     | Identified the +4 robe "Dixzonty" {rC+++ MR+ Int-5 SInv}
                  | (You found it on level 11 of the Dungeon)
 10921 | D:11     | Lost intelligence.
 10989 | D:11     | Noticed a red ugly thing
 10994 | D:11     | Killed a red ugly thing
 11096 | D:11     | Noticed a brown ugly thing
 11107 | D:11     | Killed a brown ugly thing
 11178 | D:11     | Noticed a death yak
 11179 | D:11     | Identified Moacajok's Compendium of Cloudy Talismans
 11384 | D:11     | Found a staircase to the Lair.
 11414 | Lair:1   | Entered Level 1 of the Lair of Beasts
 12587 | Lair:2   | Reached skill level 5 in Bows
 12826 | Lair:2   | Reached skill level 14 in Axes
 13039 | Lair:2   | Found a hole to the Spider Nest.
 13091 | Lair:2   | Noticed an oklob plant
 13100 | Lair:2   | Killed an oklob plant
 13100 | Lair:2   | Reached XP level 12. HP: 117/117 MP: 16/16
 13315 | Lair:2   | Received a gift from Trog
 13596 | Lair:3   | Noticed a death yak
 13606 | Lair:3   | Noticed a death yak
 13608 | Lair:3   | Killed a death yak
 13716 | Lair:2   | Killed a death yak
 13984 | Lair:3   | Received a gift from Trog
 14138 | Lair:3   | Noticed Gastronok
 14148 | Lair:3   | Killed Gastronok
 14372 | Lair:3   | Received a gift from Trog
 14815 | Lair:3   | Reached skill level 15 in Axes
 15201 | Lair:4   | Noticed Kirke
 15208 | Lair:4   | Reached skill level 15 in Fighting
 15218 | Lair:4   | Killed Kirke
 15218 | Lair:4   | Reached XP level 13. HP: 126/126 MP: 18/18
 15499 | Lair:4   | Found a staircase to the Swamp.
 15705 | Lair:4   | Found a frozen archway.
 15764 | IceCv    | Entered an ice cave
 16080 | IceCv    | Received a gift from Trog
 16481 | IceCv    | Noticed a frost giant
 16491 | IceCv    | Killed a frost giant
 16491 | IceCv    | Reached ****** piety under Trog
 16817 | IceCv    | Got a dazzling ring mail
 16828 | IceCv    | Identified the +6 ring mail of Zin {Dex+2} (You found it in
                  | an ice cave)
 17151 | Lair:4   | Found a runed translucent door.
 17151 | Lair:4   | Noticed WaifuGate's ghost (journeyman GrBe)
 17168 | Lair:4   | Killed WaifuGate's ghost
 17763 | Lair:5   | Reached skill level 10 in Evocations
 17970 | Lair:5   | Reached skill level 10 in Bows
 18007 | Lair:5   | Reached skill level 16 in Axes
 18008 | Lair:5   | Received a gift from Trog
 18443 | Lair:5   | Noticed Sonja
 18447 | Lair:5   | Killed Sonja
 18848 | Lair:6   | Entered Level 6 of the Lair of Beasts
 19085 | Lair:5   | Received a gift from Trog
 19085 | Lair:5   | Reached XP level 14. HP: 58/137 MP: 20/20
 19413 | Lair:6   | Received a gift from Trog
 19981 | Lair:6   | Found a staircase to the Slime Pits.
 20899 | Lair:6   | Found a large runed translucent door.
 20900 | Lair:6   | Found a large runed translucent door.
 22133 | D:12     | Received a gift from Trog
 22373 | D:12     | Reached skill level 17 in Axes
 22402 | D:12     | Noticed Snorg
 22417 | D:12     | Killed Snorg
 22831 | D:12     | Found a roughly hewn altar of Beogh.
 23348 | D:13     | Noticed Urug
 23355 | D:13     | Received a gift from Trog
 23367 | D:13     | Killed Urug
 23367 | D:13     | Reached XP level 15. HP: 79/147 MP: 22/22
 23695 | D:13     | Noticed Nessos
 23905 | D:13     | Killed Nessos
 23905 | D:13     | Reached skill level 5 in Armour
 24360 | D:13     | Reached skill level 5 in Dodging
 24533 | D:13     | Found a gate to the Vaults.
 24919 | Orc:1    | Entered Level 1 of the Orcish Mines
 25029 | Orc:1    | Received a gift from Trog
 25043 | Orc:1    | Received a gift from Trog
 25050 | Orc:1    | Received a gift from Trog
 25600 | Orc:2    | Entered Level 2 of the Orcish Mines
 25664 | Orc:2    | Found a staircase to the Elven Halls.
 25803 | Orc:2    | Noticed Azrael
 25928 | Orc:2    | Killed Azrael
 26331 | Orc:2    | Found a roughly hewn altar of Beogh.
 26486 | Orc:2    | Received a gift from Trog
 27259 | Orc:2    | Found Seblaawo's Antique Armour Emporium.
 27262 | Orc:2    | Found Leqaulif's Weapon Emporium.
 27263 | Orc:2    | Found Jun Wepa's General Store.
 27264 | Orc:2    | Found Xoschaoxa's Magic Scroll Shoppe.
 27899 | D:13     | Received a gift from Trog
 28394 | D:14     | Received a gift from Trog
 28728 | D:14     | Received a gift from Trog
 28849 | D:14     | Reached XP level 16. HP: 124/155 MP: 23/23
 29484 | D:15     | Entered Level 15 of the Dungeon
 29525 | D:15     | Paralysed by an orc sorcerer for 4 turns
 29916 | D:15     | Received a gift from Trog
 30228 | D:15     | Got a bloodstained hand axe {god gift}
 30229 | D:15     | Lost intelligence.
 30229 | D:15     | Identified the +2 hand axe of Overwhelming Force {speed,
                  | +Inv Str+6 Int-4} (Trog gifted it to you on level 15 of the
                  | Dungeon)
 30357 | D:15     | Found a roughly hewn altar of Beogh.
 30684 | D:15     | Found a staircase to the Depths.
 30709 | D:15     | Found Daraes's Gadget Emporium.
 31278 | Swamp:1  | Entered Level 1 of the Swamp
 32117 | Swamp:1  | Received a gift from Trog
 33749 | Swamp:2  | Paralysed by a hornet for 1 turns
 34012 | Swamp:2  | Reached skill level 18 in Axes
 34414 | Swamp:3  | Reached skill level 10 in Armour
 34451 | Swamp:3  | Found a transporter.
 34478 | Swamp:3  | Received a gift from Trog
 34649 | Swamp:3  | Noticed Aizul
 34668 | Swamp:3  | Killed Aizul
 34672 | Swamp:3  | HP: 1/157 [poisoned by Aizul (poison arrow)]
 34673 | Swamp:3  | Demolished by an alligator

Skill      XL: |  1  2  3  4  5  6  7  8  9 10 11 12 13 14 15 16 |
---------------+-------------------------------------------------+-----
Axes           | 4 5 6 7 8 10 11 13 14 15 16 17 18 | 18.0
Fighting       | 4 5 6 7 8 10 11 13 14 15 16 17 | 17.9
Evocations     | 3 6 7 9 10 11 12 | 12.2
Bows           | 5 8 10 11 12 13 | 13.0
Armour         | 4 8 10 | 10.0
Dodging        | 4 7 9 |  9.3

Action                   |  1- 3 |  4- 6 |  7- 9 | 10-12 | 13-15 | 16-18 || total
-------------------------+-------+-------+-------+-------+-------+-------++-------
Melee: Hand axe          |    74 |   116 |   292 |       |       |       ||   482
       Headbutt          |    15 |    16 |   119 |    85 |   211 |    65 ||   511
       War axe           |       |       |   118 |   366 |   203 |       ||   687
       Battleaxe         |       |       |       |       |   193 |       ||   193
       Executioner's axe |       |       |       |       |   439 |   295 ||   734
 Fire: Longbow           |       |       |       |       |    66 |    54 ||   120
Throw: Javelin           |       |       |     2 |       |       |       ||     2
Invok: Berserk           |     3 |     3 |     2 |     9 |    17 |     3 ||    37
       Trog's Hand       |       |       |       |     1 |       |     1 ||     2
       Brothers in Arms  |       |       |       |       |     7 |     5 ||    12
 Abil: Stop Flying       |       |       |     1 |       |       |       ||     1
       Evoke Flight      |       |       |       |       |       |     1 ||     1
Evoke: Wand              |       |       |       |     7 |       |       ||     7
  Use: Scroll            |     5 |     4 |     3 |    15 |     6 |     3 ||    36
       Potion            |       |     4 |       |     1 |     3 |     2 ||    10
 Stab: Distracted        |       |       |       |       |     1 |       ||     1
  Eat: Chunk             |     4 |     7 |    22 |    31 |    39 |     9 ||   112
       Ration            |       |       |       |     1 |     7 |     4 ||    12
Armor: Animal skin       |     4 |       |       |       |       |       ||     4
       Leather armour    |     7 |     6 |       |       |       |       ||    13
       Plate armour      |       |    55 |   168 |   189 |   686 |   177 ||  1275
       Scale mail        |       |       |       |    22 |    17 |       ||    39
Dodge: Dodged            |    39 |    54 |    81 |   150 |   448 |   187 ||   959
       Deflected         |       |       |       |       |    30 |     9 ||    39
